 Dungeon Crawl Stone Soup version 0.29.0-4-gdea44cf6ec (webtiles) character file.

Game seed: 9044221131169477574

31651 qw the Brawler (level 13, -4/128 HPs)
             Began as a Troll Cinder Acolyte on Sept 2, 2022.
             Was an Elder of Okawaru.
             Killed from afar by an acid dragon (14 damage)
             ... with a splash of acid
             ... on level 5 of the Lair of Beasts.
             The game lasted 00:07:52 (12608 turns).

qw the Brawler (Troll Cinder Acolyte)              Turns: 12608, Time: 00:07:52

Health: -4/128     AC: 20    Str: 29    XL:     13   Next: 27%
Magic:  15/15      EV: 14    Int: 10    God:    Okawaru [****..]
Gold:   647        SH:  0    Dex:  5    Spells: 14/14 levels left

rFire   . . .      SeeInvis .     - Unarmed
rCold   . . .      Faith    .   (no shield)
rNeg    . . .      Spirit   .   o - +4 steam dragon scales
rPois   .          Reflect  .   (helmet restricted)
rElec   .          Harm     .   p - +2 cloak
rCorr   .          Rampage  .   (gloves unavailable)
Will    .....                   (boots unavailable)
Stlth   ++........              j - amulet of the acrobat
HPRegen 1.11/turn               n - +4 ring of protection
MPRegen 0.14/turn               a - +4 ring of evasion

@: lethally poisoned (-4 -> -11), about to teleport, heroic, fire susceptible
A: large, unfitting armour, claws 3, regeneration 1, shaggy fur 1, tough skin 1,
subdued magic 1, MP-powered wands
a: Renounce Religion, Heroism, Finesse


You were on level 5 of the Lair of Beasts.
You worshipped Okawaru.
Okawaru was greatly pleased with you.
You visited 2 branches of the dungeon, and saw 14 of its levels.
You also visited: Ossuary.

You collected 851 gold pieces.
You spent 204 gold pieces at shops.


Innate Abilities, Weirdness & Mutations

You are too large for most types of armour.
You have claws for hands.
Your natural rate of healing is unusually fast.
You are covered in fur. (AC +1)
You have tough skin. (AC +1)
Your spells are a little easier to cast, but a little less powerful.
You expend magic power (3 MP) to strengthen your wands.


   Skills:
 + Level 8.6(13.6) Fighting
 - Level 3.0(8.0) Armour
 - Level 2.7(7.7) Dodging
 - Level 19.0(24.0) Unarmed Combat
 - Level 1.0 Spellcasting
 - Level 2.1 Fire Magic
 + Level 5.2 Invocations


You had 14 spell levels left.
You didn't know any spells.
Your spell library contained the following spells:

 Spells                   Type           Power      Damage    Failure   Level
 Scorch                   Fire           6%         2d5       19%         2

Inventory:

Armour
 o - +4 steam dragon scales (worn)
 p - a +2 cloak (worn)
Jewellery
 a - a +4 ring of evasion (right claw)
 j - an amulet of the acrobat (around neck)
 n - a +4 ring of protection (left claw)
 Y - a ring of protection from fire
Scrolls
 d - 5 scrolls of teleportation
 g - 2 scrolls of identify
 k - a scroll of enchant weapon
 m - a scroll of brand weapon
Potions
 b - 4 potions of mutation
 c - a potion of magic
 e - 2 potions of cancellation
 h - 7 potions of might
 i - a potion of resistance
 l - 3 potions of haste
 q - 9 potions of curing

Dungeon Overview and Level Annotations

Branches:
Dungeon (9/15)             Temple (0/1) D:5            Lair (4/5) D:9
  Swamp (0/4) Lair:3        Snake (0/4) Lair:3      Ossuary (visited)
  Slime: Lair:4-5       Orc: D:9-12

Altars:
Ashenzari
Hepliaklqana
Makhleb
Nemelex Xobeh
Okawaru
Vehumet
Xom
Zin

Shops:
D:9 !

Annotations:
D:5 1 runed translucent door, qw's ghost, novice TrCA


Message History

The komodo dragon is lightly wounded.
The cane toad stings you!
You are poisoned.
The cane toad poisons you! The komodo dragon closely misses you.
You barely miss the komodo dragon.
The komodo dragon is lightly wounded.
You feel very sick.
An iguana comes into view.
You closely miss the komodo dragon.
The komodo dragon is lightly wounded.
You feel sick. The cane toad stings you!
You are more poisoned.
The cane toad poisons you! The acid dragon misses you.
The acid dragon claws you but does no damage.
The komodo dragon closely misses you.
12605 ||| READING 6 scrolls of teleportation.
As you read the scroll of teleportation, it crumbles to dust.
You feel strangely unstable.
You feel extremely sick. The cane toad closely misses you.
The acid dragon barely misses you.
The acid dragon claws you but does no damage.
The komodo dragon bites you but does no damage.
You barely miss the komodo dragon.
The iguana hisses angrily.
You claw the komodo dragon!!
The komodo dragon is severely wounded.
You feel very sick. The cane toad barely misses you. The acid dragon bites you.
The acid dragon misses you.
You mangle the komodo dragon!!
You kill the komodo dragon!
Okawaru accepts your kill.
You feel very sick. The cane toad completely misses you.
You scratch the cane toad.
The cane toad is lightly wounded.
You feel sick. The acid dragon spits acid at you. The splash of acid hits you!
You die...

.... ..... .
..... .. ......
... ...... ....
7......
.....777.......
...............
.......@F......
......D%.......
...............
#####..........
###.P.~~P#.
77.l~77# 7.77
~7


You could see a cane toad, an acid dragon (catching breath) and an iguana.

Vanquished Creatures
  A two-headed ogre (D:8)
  A catoblepas (Lair:3)
  9 death yaks
  Amaemon (Lair:1)
  2 bog bodies (Lair:3)
  Pikel (D:8)
  4 elephants (Lair:5)
  5 black mambas
  An orange demon (Lair:1)
  8 cane toads
  4 rime drakes
  4 komodo dragons
  3 polar bears (Lair:2)
  3 blink frogs (Lair:5)
  A hornet (D:9)
  6 dream sheep (Lair:4)
  20 yaks
  Sigmund (D:5)
  A wraith (D:7)
  10 wyverns
  4 fire elementals (Lair:3)
  3 basilisks
  A redback (Lair:5)
  Menkaure (D:5)
  A steam dragon (D:9)
  An acid dragon (D:9)
  15 water moccasins
  Duvessa (D:7)
  An ice beast (D:6)
  2 black bears
  15 wolves
  4 ogres
  A phantom (D:5)
  2 lemures (D:8)
  2 centaurs
  A kobold brigand (D:9)
  9 bullfrogs
  2 necrophages
  10 scorpions
  5 wights
  Dowan (D:7)
  23 killer bees
  4 howler monkeys (D:8)
  2 electric eels
  2 centaur zombies (Ossuary)
  A hound (D:5)
  5 human zombies (Ossuary)
  3 orc priests
  A jelly (D:6)
  3 iguanas
  12 orc wizards
  4 scorpion zombies (Ossuary)
  3 mummies (Ossuary)
  10 gnolls
  8 adders
  2 shadow imps
  2 white imps
  3 ufetubi
  4 worms (D:2)
  6 dart slugs
  34 orcs
  7 endoplasms
  6 giant cockroaches
  4 gnoll zombies (Ossuary)
  15 goblins
  4 hobgoblins
  4 jackals (D:1)
  8 quokkas
  9 ball pythons
  6 bats
  4 frilled lizards
  A goblin zombie (Ossuary)
  A hobgoblin zombie (Ossuary)
  13 kobolds
  2 kobold zombies (Ossuary)
  2 orc zombies (Ossuary)
  2 quokka zombies (D:8)
  7 rats
395 creatures vanquished.

Vanquished Creatures (others)
  24 fungi
  30 plants
54 creatures vanquished.

Grand Total: 449 creatures vanquished

Notes
Turn   | Place    | Note
-------+----------+-------------------------------------------
     0 | D:1      | qw the Troll Cinder Acolyte began the quest for the Orb.
     0 | D:1      | Reached XP level 1. HP: 22/22 MP: 1/1
     0 | D:1      | 0 ||| qw: Version: 0.1-a-97-g2dd2ca4
     0 | D:1      | 0 ||| qw: Game counter: 4968
     0 | D:1      | 0 ||| qw: Always use a shield: true
     0 | D:1      | 0 ||| qw: God list: Okawaru
     0 | D:1      | 0 ||| qw: Allow faded altars: false
     0 | D:1      | 0 ||| qw: Do Orc after D:15 true
     0 | D:1      | 0 ||| qw: Do second Lair branch before Depths: true
     0 | D:1      | 0 ||| qw: Lair rune preference: random
     0 | D:1      | 0 ||| qw: Plans: Normal
     0 | D:1      | 0 ||| PLANNING D:1-11
    36 | D:1      | 36 ||| Stepping ~*~*~tactically~*~*~ (stealth).
    37 | D:1      | 37 ||| Stepping ~*~*~tactically~*~*~ (stealth).
   119 | D:1      | Reached XP level 2. HP: 28/29 MP: 2/2
   149 | D:1      | 149 ||| Stepping ~*~*~tactically~*~*~ (stealth).
   153 | D:1      | 153 ||| Stepping ~*~*~tactically~*~*~ (stealth).
   197 | D:1      | 197 ||| Stepping ~*~*~tactically~*~*~ (stealth).
   235 | D:1      | 235 ||| Stepping ~*~*~tactically~*~*~ (stealth).
   255 | D:1      | Reached skill level 4 in Unarmed Combat
   322 | D:1      | 322 ||| Stepping ~*~*~tactically~*~*~ (stealth).
   407 | D:1      | Reached XP level 3. HP: 36/36 MP: 3/3
   436 | D:1      | 436 ||| Stepping ~*~*~tactically~*~*~ (stealth).
   565 | D:1      | 565 ||| Stepping ~*~*~tactically~*~*~ (stealth).
   625 | D:1      | 625 ||| Stepping ~*~*~tactically~*~*~ (hiding).
   828 | D:1      | 828 ||| UPGRADING to amulet of the acrobat.
   842 | D:1      | 842 ||| READING scroll labelled UTOAMA GICEGG.
   843 | D:1      | 843 ||| READING scroll labelled DUHEAF OXI.
   844 | D:1      | 844 ||| READING scroll labelled SEVESE SUTAHU.
   845 | D:1      | 845 ||| READING 2 scrolls labelled NUOTOO MALYDITS.
   851 | D:1      | 851 ||| DRINKING 5 bubbling red potions.
   851 | D:1      | Gained mutation: You are frail. (-10% HP) [potion of
                  | mutation]
   852 | D:1      | 852 ||| DRINKING 4 potions of mutation.
   852 | D:1      | Lost mutation: You are frail. (-10% HP) [potion of
                  | mutation]
   852 | D:1      | Gained mutation: Your spells are a little easier to cast,
                  | but a little less powerful. [potion of mutation]
   852 | D:1      | Gained mutation: You expend magic power (3 MP) to
                  | strengthen your wands. [potion of mutation]
   962 | D:2      | 962 ||| Stepping ~*~*~tactically~*~*~ (stealth).
  1027 | D:2      | 1027 ||| INVOKING Fiery Armour.
  1032 | D:2      | 1032 ||| Stepping ~*~*~tactically~*~*~ (stealth).
  1035 | D:2      | 1035 ||| Stepping ~*~*~tactically~*~*~ (stealth).
  1037 | D:2      | Reached skill level 5 in Unarmed Combat
  1037 | D:2      | Reached XP level 4. HP: 44/44 MP: 4/4
  1038 | D:2      | 1038 ||| Stepping ~*~*~tactically~*~*~ (stealth).
  1065 | D:2      | Found a faded altar of an unknown god.
  1371 | D:2      | 1371 ||| Stepping ~*~*~tactically~*~*~ (stealth).
  1457 | D:2      | 1457 ||| Stepping ~*~*~tactically~*~*~ (hiding).
  1508 | D:2      | 1508 ||| Stepping ~*~*~tactically~*~*~ (hiding).
  1659 | D:2      | 1659 ||| READING 5 scrolls labelled KOASUF QUURYA.
  1660 | D:2      | 1660 ||| READING scroll labelled ELEASIAFYR.
  1661 | D:2      | 1661 ||| DRINKING 2 fuming dark potions.
  1662 | D:2      | 1662 ||| DRINKING 2 green potions.
  1663 | D:2      | 1663 ||| READING 4 scrolls of identify.
  1663 | D:2      | 1663 ||| IDENTIFYING golden potion
  1664 | D:2      | 1664 ||| READING 3 scrolls of identify.
  1664 | D:2      | 1664 ||| IDENTIFYING metallic ruby potion
  1665 | D:2      | 1665 ||| READING 2 scrolls of identify.
  1665 | D:2      | 1665 ||| IDENTIFYING fuming cyan potion
  1666 | D:2      | 1666 ||| DROPPING potion of brilliance.
  1667 | D:2      | 1667 ||| DROPPING potion of flight.
  1703 | D:3      | Reached XP level 5. HP: 50/50 MP: 5/5
  1716 | D:3      | 1716 ||| Stepping ~*~*~tactically~*~*~ (stealth).
  1740 | D:3      | 1740 ||| Stepping ~*~*~tactically~*~*~ (stealth).
  1749 | D:3      | 1749 ||| Stepping ~*~*~tactically~*~*~ (hiding).
  1751 | D:3      | 1751 ||| Stepping ~*~*~tactically~*~*~ (hiding).
  2212 | D:3      | Found a sparkling altar of Nemelex Xobeh.
  2244 | D:3      | 2244 ||| Stepping ~*~*~tactically~*~*~ (hiding).
  2254 | D:3      | Reached skill level 6 in Unarmed Combat
  2471 | D:3      | 2471 ||| READING 2 scrolls of identify.
  2471 | D:3      | 2471 ||| IDENTIFYING orange potion
  2538 | D:4      | 2538 ||| Stepping ~*~*~tactically~*~*~ (outnumbered).
  2539 | D:4      | 2539 ||| Stepping ~*~*~tactically~*~*~ (outnumbered).
  2540 | D:4      | 2540 ||| Stepping ~*~*~tactically~*~*~ (outnumbered).
  2541 | D:4      | 2541 ||| Stepping ~*~*~tactically~*~*~ (outnumbered).
  2544 | D:4      | 2544 ||| Stepping ~*~*~tactically~*~*~ (outnumbered).
  2561 | D:4      | 2561 ||| INVOKING Fiery Armour.
  2564 | D:4      | 2564 ||| Stepping ~*~*~tactically~*~*~ (outnumbered).
  2565 | D:4      | 2565 ||| Stepping ~*~*~tactically~*~*~ (outnumbered).
  2566 | D:4      | 2566 ||| Stepping ~*~*~tactically~*~*~ (outnumbered).
  2567 | D:4      | 2567 ||| Stepping ~*~*~tactically~*~*~ (outnumbered).
  2568 | D:4      | 2568 ||| Stepping ~*~*~tactically~*~*~ (outnumbered).
  2569 | D:4      | 2569 ||| Stepping ~*~*~tactically~*~*~ (outnumbered).
  2570 | D:4      | 2570 ||| Stepping ~*~*~tactically~*~*~ (outnumbered).
  2571 | D:4      | 2571 ||| Stepping ~*~*~tactically~*~*~ (outnumbered).
  2572 | D:4      | 2572 ||| Stepping ~*~*~tactically~*~*~ (outnumbered).
  2625 | D:4      | 2625 ||| DRINKING 2 potions of curing.
  2625 | D:4      | 2625 ||| (to cure confusion)
  2626 | D:4      | 2626 ||| DRINKING potion of curing.
  2626 | D:4      | 2626 ||| (to cure confusion)
  2628 | D:4      | 2628 ||| Stepping ~*~*~tactically~*~*~ (outnumbered).
  2629 | D:4      | 2629 ||| Stepping ~*~*~tactically~*~*~ (outnumbered).
  2630 | D:4      | 2630 ||| Stepping ~*~*~tactically~*~*~ (outnumbered).
  2631 | D:4      | 2631 ||| Stepping ~*~*~tactically~*~*~ (outnumbered).
  2632 | D:4      | 2632 ||| Stepping ~*~*~tactically~*~*~ (outnumbered).
  2633 | D:4      | 2633 ||| Stepping ~*~*~tactically~*~*~ (outnumbered).
  2634 | D:4      | 2634 ||| Stepping ~*~*~tactically~*~*~ (outnumbered).
  2636 | D:4      | 2636 ||| Stepping ~*~*~tactically~*~*~ (outnumbered).
  2639 | D:4      | 2639 ||| Stepping ~*~*~tactically~*~*~ (outnumbered).
  2640 | D:4      | 2640 ||| Stepping ~*~*~tactically~*~*~ (outnumbered).
  2641 | D:4      | 2641 ||| Stepping ~*~*~tactically~*~*~ (outnumbered).
  2795 | D:4      | 2795 ||| Stepping ~*~*~tactically~*~*~ (hiding).
  3026 | D:4      | 3026 ||| DROPPING amulet of magic regeneration.
  3027 | D:4      | 3027 ||| UPGRADING to +4 ring of protection.
  3028 | D:4      | 3028 ||| READING scroll labelled TAINES CUGI.
  3029 | D:4      | 3029 ||| READING scroll labelled CIBLAS TORGHORGH.
  3030 | D:4      | 3030 ||| READING 2 scrolls of identify.
  3030 | D:4      | 3030 ||| IDENTIFYING bubbling grey potion
  3031 | D:4      | 3031 ||| DROPPING potion of attraction.
  3038 | D:5      | Entered Level 5 of the Dungeon
  3049 | D:5      | Reached skill level 7 in Unarmed Combat
  3049 | D:5      | Reached XP level 6. HP: 58/59 MP: 6/6
  3110 | D:5      | 3110 ||| Stepping ~*~*~tactically~*~*~ (stealth).
  3156 | D:5      | Found a runed translucent door.
  3163 | D:5      | Noticed qw's ghost (novice TrCA)
  3198 | D:5      | 3198 ||| Stepping ~*~*~tactically~*~*~ (stealth).
  3202 | D:5      | 3202 ||| INVOKING Fiery Armour.
  3203 | D:5      | 3203 ||| Stepping ~*~*~tactically~*~*~ (outnumbered).
  3205 | D:5      | 3205 ||| Stepping ~*~*~tactically~*~*~ (outnumbered).
  3209 | D:5      | Reached skill level 8 in Unarmed Combat
  3215 | D:5      | Reached XP level 7. HP: 52/66 MP: 7/7
  3306 | D:5      | Found an iron altar of Okawaru.
  3340 | D:5      | Reached skill level 3 in Fighting
  3413 | D:5      | Found a staircase to the Ecumenical Temple.
  3441 | D:5      | Noticed Menkaure
  3450 | D:5      | Killed Menkaure
  3522 | D:5      | Noticed Sigmund
  3527 | D:5      | Killed Sigmund
  3528 | D:5      | Reached skill level 9 in Unarmed Combat
  3592 | D:5      | Reached skill level 1 in Dodging
  3609 | D:5      | Reached XP level 8. HP: 75/75 MP: 8/8
  3623 | D:5      | 3623 ||| Stepping ~*~*~tactically~*~*~ (hiding).
  3630 | D:5      | 3630 ||| Stepping ~*~*~tactically~*~*~ (stealth).
  3948 | D:5      | 3948 ||| READING 2 scrolls labelled AHESYU BYX POX.
  4049 | D:5      | 4049 ||| DROPPING scroll of silence.
  4177 | D:6      | 4177 ||| Stepping ~*~*~tactically~*~*~ (stealth).
  4179 | D:6      | 4179 ||| Stepping ~*~*~tactically~*~*~ (hiding).
  4192 | D:6      | 4192 ||| Stepping ~*~*~tactically~*~*~ (stealth).
  4241 | D:6      | Found a glowing silver altar of Zin.
  4280 | D:6      | Reached skill level 10 in Unarmed Combat
  4484 | D:6      | 4484 ||| Stepping ~*~*~tactically~*~*~ (hiding).
  4499 | D:6      | 4499 ||| Stepping ~*~*~tactically~*~*~ (stealth).
  4500 | D:6      | 4500 ||| Stepping ~*~*~tactically~*~*~ (stealth).
  4502 | D:6      | 4502 ||| DRINKING 3 potions of curing.
  4502 | D:6      | 4502 ||| (to cure confusion)
  4506 | D:6      | 4506 ||| DRINKING 2 potions of curing.
  4506 | D:6      | 4506 ||| (to cure confusion)
  4627 | D:6      | Found a radiant altar of Vehumet.
  4741 | D:6      | 4741 ||| Stepping ~*~*~tactically~*~*~ (stealth).
  4744 | D:6      | 4744 ||| Stepping ~*~*~tactically~*~*~ (stealth).
  4785 | D:6      | Found a shimmering altar of Xom.
  4875 | D:6      | Found a broken altar of Ashenzari.
  4934 | D:6      | Reached skill level 11 in Unarmed Combat
  5036 | D:6      | 5036 ||| Stepping ~*~*~tactically~*~*~ (stealth).
  5072 | D:6      | Found a burning altar of Makhleb.
  5073 | D:6      | 5073 ||| READING scroll labelled UXYXOUHEFA.
  5074 | D:6      | 5074 ||| READING 4 scrolls of identify.
  5074 | D:6      | 5074 ||| IDENTIFYING bubbling green potion
  5075 | D:6      | 5075 ||| READING 3 scrolls of identify.
  5075 | D:6      | 5075 ||| IDENTIFYING silvery potion
  5076 | D:6      | 5076 ||| READING 2 scrolls of identify.
  5076 | D:6      | 5076 ||| IDENTIFYING smoky yellow potion
  5077 | D:6      | 5077 ||| DROPPING potion of ambrosia.
  5078 | D:6      | 5078 ||| DROPPING potion of degeneration.
  5088 | D:6      | 5088 ||| Stepping ~*~*~tactically~*~*~ (stealth).
  5090 | D:6      | 5090 ||| Stepping ~*~*~tactically~*~*~ (hiding).
  5296 | D:7      | Reached XP level 9. HP: 58/84 MP: 9/9
  5466 | D:7      | 5466 ||| Stepping ~*~*~tactically~*~*~ (hiding).
  5587 | D:7      | Noticed Duvessa
  5587 | D:7      | Noticed Dowan
  5588 | D:7      | 5588 ||| Stepping ~*~*~tactically~*~*~ (hiding).
  5589 | D:7      | 5589 ||| Stepping ~*~*~tactically~*~*~ (hiding).
  5597 | D:7      | 5597 ||| INVOKING Fiery Armour.
  5601 | D:7      | Killed Duvessa
  5603 | D:7      | Killed Dowan
  5646 | D:7      | Identified the +9 flail "Waziyty" {vorpal, Will+ MP+9
                  | Int+3}
  5658 | D:7      | Reached skill level 12 in Unarmed Combat
  5814 | D:7      | 5814 ||| Stepping ~*~*~tactically~*~*~ (stealth).
  5847 | D:7      | 5847 ||| Stepping ~*~*~tactically~*~*~ (stealth).
  5850 | D:7      | 5850 ||| Stepping ~*~*~tactically~*~*~ (stealth).
  5852 | D:7      | 5852 ||| Stepping ~*~*~tactically~*~*~ (stealth).
  5868 | D:7      | 5868 ||| Stepping ~*~*~tactically~*~*~ (hiding).
  5869 | D:7      | 5869 ||| Stepping ~*~*~tactically~*~*~ (hiding).
  5870 | D:7      | 5870 ||| Stepping ~*~*~tactically~*~*~ (hiding).
  5872 | D:7      | 5872 ||| Stepping ~*~*~tactically~*~*~ (hiding).
  5873 | D:7      | 5873 ||| Stepping ~*~*~tactically~*~*~ (hiding).
  6056 | D:7      | 6056 ||| DROPPING orb of wrath.
  6057 | D:7      | 6057 ||| UPGRADING to ring of protection from fire.
  6058 | D:7      | 6058 ||| READING 3 scrolls of identify.
  6058 | D:7      | 6058 ||| IDENTIFYING inky potion
  6059 | D:7      | 6059 ||| READING 2 scrolls of identify.
  6059 | D:7      | 6059 ||| IDENTIFYING murky inky potion
  6060 | D:7      | 6060 ||| DROPPING potion of magic.
  6061 | D:7      | 6061 ||| DROPPING potion of lignification.
  6086 | D:8      | 6086 ||| PLANNING OSSUARY
  6089 | D:8      | 6089 ||| Stepping ~*~*~tactically~*~*~ (stealth).
  6090 | D:8      | Noticed Pikel
  6096 | D:8      | 6096 ||| INVOKING Fiery Armour.
  6106 | D:8      | 6106 ||| Stepping ~*~*~tactically~*~*~ (outnumbered).
  6108 | D:8      | 6108 ||| Stepping ~*~*~tactically~*~*~ (hiding).
  6112 | D:8      | Killed Pikel
  6243 | D:8      | Found a flagged portal.
  6274 | D:8      | Found a sand-covered staircase.
  6282 | D:8      | 6282 ||| Stepping ~*~*~tactically~*~*~ (stealth).
  6288 | Ossuary  | Entered an ossuary
  6301 | Ossuary  | 6301 ||| Stepping ~*~*~tactically~*~*~ (outnumbered).
  6302 | Ossuary  | 6302 ||| Stepping ~*~*~tactically~*~*~ (outnumbered).
  6424 | Ossuary  | 6424 ||| Stepping ~*~*~tactically~*~*~ (outnumbered).
  6487 | Ossuary  | 6487 ||| INVOKING Fiery Armour.
  6500 | Ossuary  | Reached skill level 13 in Unarmed Combat
  6534 | Ossuary  | 6534 ||| Stepping ~*~*~tactically~*~*~ (stealth).
  6545 | Ossuary  | Reached XP level 10. HP: 98/98 MP: 10/10
  6619 | Ossuary  | 6619 ||| READING scroll labelled DOFOS XIARCHAIPH.
  6665 | Ossuary  | 6665 ||| READING scroll labelled QIWYGR SAHA.
  6701 | D:8      | 6701 ||| PLANNING D:1-11
  6708 | D:8      | 6708 ||| Stepping ~*~*~tactically~*~*~ (hiding).
  6709 | D:8      | 6709 ||| Stepping ~*~*~tactically~*~*~ (stealth).
  6716 | D:8      | 6716 ||| Stepping ~*~*~tactically~*~*~ (outnumbered).
  6767 | D:8      | 6767 ||| Stepping ~*~*~tactically~*~*~ (stealth).
  6768 | D:8      | 6768 ||| Stepping ~*~*~tactically~*~*~ (stealth).
  6935 | D:8      | 6935 ||| Stepping ~*~*~tactically~*~*~ (stealth).
  6936 | D:8      | 6936 ||| Stepping ~*~*~tactically~*~*~ (hiding).
  6939 | D:8      | 6939 ||| INVOKING Fiery Armour.
  6940 | D:8      | 6940 ||| Stepping ~*~*~tactically~*~*~ (outnumbered).
  6941 | D:8      | 6941 ||| Stepping ~*~*~tactically~*~*~ (hiding).
  6947 | D:8      | 6947 ||| Stepping ~*~*~tactically~*~*~ (outnumbered).
  6952 | D:8      | 6952 ||| FLEEEEING.
  6953 | D:8      | 6953 ||| FLEEEEING.
  6954 | D:8      | 6954 ||| FLEEEEING.
  6955 | D:8      | 6955 ||| FLEEEEING.
  7023 | D:8      | 7023 ||| Stepping ~*~*~tactically~*~*~ (outnumbered).
  7110 | D:8      | Noticed a two-headed ogre
  7119 | D:8      | Killed a two-headed ogre
  7196 | D:8      | 7196 ||| Stepping ~*~*~tactically~*~*~ (stealth).
  7228 | D:8      | Reached skill level 14 in Unarmed Combat
  7296 | D:8      | Found a hazy altar of Hepliaklqana.
  7457 | D:8      | 7457 ||| READING scroll labelled AMOFYO ITZIVEJ.
  7458 | D:8      | 7458 ||| READING 2 scrolls of identify.
  7458 | D:8      | 7458 ||| IDENTIFYING gluggy clear potion
  7459 | D:8      | 7459 ||| DROPPING potion of berserk rage.
  7460 | D:8      | 7460 ||| READING 11 scrolls of teleportation.
  7480 | D:9      | 7480 ||| Stepping ~*~*~tactically~*~*~ (stealth).
  7489 | D:9      | 7489 ||| Stepping ~*~*~tactically~*~*~ (outnumbered).
  7490 | D:9      | 7490 ||| Stepping ~*~*~tactically~*~*~ (outnumbered).
  7493 | D:9      | 7493 ||| Stepping ~*~*~tactically~*~*~ (outnumbered).
  7495 | D:9      | Reached skill level 6 in Fighting
  7499 | D:9      | 7499 ||| Stepping ~*~*~tactically~*~*~ (outnumbered).
  7500 | D:9      | 7500 ||| Stepping ~*~*~tactically~*~*~ (outnumbered).
  7588 | D:9      | 7588 ||| Stepping ~*~*~tactically~*~*~ (stealth).
  7593 | D:9      | 7593 ||| Stepping ~*~*~tactically~*~*~ (stealth).
  7597 | D:9      | 7597 ||| Stepping ~*~*~tactically~*~*~ (hiding).
  7600 | D:9      | 7600 ||| Stepping ~*~*~tactically~*~*~ (hiding).
  7615 | D:9      | 7615 ||| Stepping ~*~*~tactically~*~*~ (stealth).
  7630 | D:9      | 7630 ||| Stepping ~*~*~tactically~*~*~ (stealth).
  7748 | D:9      | 7748 ||| Stepping ~*~*~tactically~*~*~ (stealth).
  7749 | D:9      | 7749 ||| Stepping ~*~*~tactically~*~*~ (stealth).
  7762 | D:9      | Found Sacayroa's Distillery.
  7763 | D:9      | 7763 ||| Stepping ~*~*~tactically~*~*~ (stealth).
  7773 | D:9      | 7773 ||| BUYING potion of curing (36 gold).
  7773 | D:9      | Bought a potion of curing for 36 gold pieces
  7773 | D:9      | 7773 ||| BUYING potion of heal wounds (60 gold).
  7773 | D:9      | Bought a potion of heal wounds for 60 gold pieces
  7773 | D:9      | 7773 ||| BUYING potion of heal wounds (60 gold).
  7773 | D:9      | Bought a potion of heal wounds for 60 gold pieces
  7773 | D:9      | 7773 ||| BUYING potion of might (48 gold).
  7773 | D:9      | Bought a potion of might for 48 gold pieces
  7780 | D:9      | 7780 ||| Stepping ~*~*~tactically~*~*~ (stealth).
  7791 | D:9      | 7791 ||| INVOKING Fiery Armour.
  7923 | D:9      | 7923 ||| Stepping ~*~*~tactically~*~*~ (outnumbered).
  7924 | D:9      | 7924 ||| INVOKING Fiery Armour.
  7949 | D:9      | Reached skill level 15 in Unarmed Combat
  8522 | D:9      | 8522 ||| Stepping ~*~*~tactically~*~*~ (stealth).
  8524 | D:9      | 8524 ||| Stepping ~*~*~tactically~*~*~ (hiding).
  8538 | D:9      | Reached XP level 11. HP: 101/105 MP: 11/11
  8542 | D:9      | 8542 ||| Stepping ~*~*~tactically~*~*~ (hiding).
  8653 | D:9      | Found a staircase to the Lair.
  8681 | D:9      | 8681 ||| PLANNING LAIR
  8683 | D:9      | 8683 ||| UPGRADING to +0 steam dragon scales.
  8693 | D:9      | 8693 ||| DROPPING +0 robe.
  8694 | D:9      | 8694 ||| UPGRADING to +2 cloak.
  8699 | D:9      | 8699 ||| READING 4 scrolls of enchant armour.
  8699 | D:9      | 8699 ||| ENCHANTING +0 steam dragon scales.
  8700 | D:9      | 8700 ||| READING 3 scrolls of enchant armour.
  8700 | D:9      | 8700 ||| ENCHANTING +1 steam dragon scales.
  8701 | D:9      | 8701 ||| READING 2 scrolls of enchant armour.
  8701 | D:9      | 8701 ||| ENCHANTING +2 steam dragon scales.
  8702 | D:9      | 8702 ||| READING scroll of enchant armour.
  8702 | D:9      | 8702 ||| ENCHANTING +3 steam dragon scales.
  8704 | Lair:1   | Entered Level 1 of the Lair of Beasts
  8705 | Lair:1   | 8705 ||| Stepping ~*~*~tactically~*~*~ (hiding).
  8706 | Lair:1   | 8706 ||| Stepping ~*~*~tactically~*~*~ (hiding).
  8708 | Lair:1   | 8708 ||| Stepping ~*~*~tactically~*~*~ (outnumbered).
  8711 | Lair:1   | Reached skill level 1 in Armour
  8803 | Lair:1   | 8803 ||| INVOKING Fiery Armour.
  8806 | Lair:1   | 8806 ||| Stepping ~*~*~tactically~*~*~ (outnumbered).
  8815 | Lair:1   | 8815 ||| Stepping ~*~*~tactically~*~*~ (stealth).
  8961 | Lair:1   | Noticed Amaemon
  8966 | Lair:1   | Reached skill level 16 in Unarmed Combat
  8972 | Lair:1   | Killed Amaemon
  9113 | Lair:1   | Noticed a death yak
  9113 | Lair:1   | Noticed a death yak
  9113 | Lair:1   | Noticed a death yak
  9114 | Lair:1   | 9114 ||| Stepping ~*~*~tactically~*~*~ (stealth).
  9115 | Lair:1   | Noticed a death yak
  9115 | Lair:1   | Noticed a death yak
  9116 | Lair:1   | 9116 ||| INVOKING Fiery Armour.
  9118 | Lair:1   | 9118 ||| Stepping ~*~*~tactically~*~*~ (stealth).
  9120 | Lair:1   | 9120 ||| Stepping ~*~*~tactically~*~*~ (stealth).
  9124 | Lair:1   | 9124 ||| Stepping ~*~*~tactically~*~*~ (outnumbered).
  9125 | Lair:1   | 9125 ||| Stepping ~*~*~tactically~*~*~ (outnumbered).
  9128 | Lair:1   | 9128 ||| Stepping ~*~*~tactically~*~*~ (outnumbered).
  9129 | Lair:1   | 9129 ||| Stepping ~*~*~tactically~*~*~ (outnumbered).
  9130 | Lair:1   | 9130 ||| Stepping ~*~*~tactically~*~*~ (outnumbered).
  9131 | Lair:1   | 9131 ||| Stepping ~*~*~tactically~*~*~ (outnumbered).
  9132 | Lair:1   | 9132 ||| Stepping ~*~*~tactically~*~*~ (outnumbered).
  9133 | Lair:1   | 9133 ||| Stepping ~*~*~tactically~*~*~ (outnumbered).
  9134 | Lair:1   | 9134 ||| Stepping ~*~*~tactically~*~*~ (outnumbered).
  9135 | Lair:1   | 9135 ||| Stepping ~*~*~tactically~*~*~ (outnumbered).
  9137 | Lair:1   | 9137 ||| Stepping ~*~*~tactically~*~*~ (outnumbered).
  9138 | Lair:1   | 9138 ||| Stepping ~*~*~tactically~*~*~ (outnumbered).
  9139 | Lair:1   | 9139 ||| Stepping ~*~*~tactically~*~*~ (outnumbered).
  9140 | Lair:1   | 9140 ||| Stepping ~*~*~tactically~*~*~ (outnumbered).
  9141 | Lair:1   | 9141 ||| Stepping ~*~*~tactically~*~*~ (outnumbered).
  9142 | Lair:1   | 9142 ||| Stepping ~*~*~tactically~*~*~ (outnumbered).
  9143 | Lair:1   | 9143 ||| Stepping ~*~*~tactically~*~*~ (outnumbered).
  9144 | Lair:1   | 9144 ||| Stepping ~*~*~tactically~*~*~ (outnumbered).
  9145 | Lair:1   | 9145 ||| Stepping ~*~*~tactically~*~*~ (outnumbered).
  9146 | Lair:1   | 9146 ||| Stepping ~*~*~tactically~*~*~ (outnumbered).
  9147 | Lair:1   | 9147 ||| Stepping ~*~*~tactically~*~*~ (outnumbered).
  9148 | Lair:1   | 9148 ||| Stepping ~*~*~tactically~*~*~ (outnumbered).
  9149 | Lair:1   | 9149 ||| Stepping ~*~*~tactically~*~*~ (outnumbered).
  9150 | Lair:1   | 9150 ||| Stepping ~*~*~tactically~*~*~ (outnumbered).
  9155 | Lair:1   | Killed a death yak
  9161 | Lair:1   | Killed a death yak
  9162 | Lair:1   | 9162 ||| Stepping ~*~*~tactically~*~*~ (outnumbered).
  9163 | Lair:1   | 9163 ||| Stepping ~*~*~tactically~*~*~ (outnumbered).
  9164 | Lair:1   | 9164 ||| Stepping ~*~*~tactically~*~*~ (outnumbered).
  9165 | Lair:1   | 9165 ||| Stepping ~*~*~tactically~*~*~ (outnumbered).
  9168 | Lair:1   | 9168 ||| Stepping ~*~*~tactically~*~*~ (outnumbered).
  9169 | Lair:1   | 9169 ||| Stepping ~*~*~tactically~*~*~ (outnumbered).
  9170 | Lair:1   | 9170 ||| Stepping ~*~*~tactically~*~*~ (outnumbered).
  9172 | Lair:1   | 9172 ||| Stepping ~*~*~tactically~*~*~ (outnumbered).
  9176 | Lair:1   | 9176 ||| Stepping ~*~*~tactically~*~*~ (outnumbered).
  9177 | Lair:1   | 9177 ||| Stepping ~*~*~tactically~*~*~ (outnumbered).
  9178 | Lair:1   | 9178 ||| Stepping ~*~*~tactically~*~*~ (outnumbered).
  9179 | Lair:1   | 9179 ||| Stepping ~*~*~tactically~*~*~ (outnumbered).
  9180 | Lair:1   | 9180 ||| Stepping ~*~*~tactically~*~*~ (outnumbered).
  9181 | Lair:1   | 9181 ||| Stepping ~*~*~tactically~*~*~ (outnumbered).
  9182 | Lair:1   | 9182 ||| Stepping ~*~*~tactically~*~*~ (outnumbered).
  9183 | Lair:1   | 9183 ||| Stepping ~*~*~tactically~*~*~ (outnumbered).
  9184 | Lair:1   | Killed a death yak
  9187 | Lair:1   | HP: 25/109 [death yak (16)]
  9188 | Lair:1   | 9188 ||| READING 10 scrolls of teleportation.
  9189 | Lair:1   | 9189 ||| DRINKING 5 potions of heal wounds.
  9190 | Lair:1   | 9190 ||| DRINKING 4 potions of heal wounds.
  9333 | Lair:1   | 9333 ||| INVOKING Fiery Armour.
  9430 | Lair:1   | 9430 ||| Stepping ~*~*~tactically~*~*~ (stealth).
  9433 | Lair:1   | 9433 ||| Stepping ~*~*~tactically~*~*~ (stealth).
  9436 | Lair:1   | 9436 ||| Stepping ~*~*~tactically~*~*~ (stealth).
  9650 | Lair:1   | You fall into a shaft and drop 1 floor!
  9686 | Lair:2   | 9686 ||| READING 2 scrolls labelled QAUSEHASER.
  9696 | Lair:1   | 9696 ||| INVOKING Fiery Armour.
  9701 | Lair:1   | Killed a death yak
  9702 | Lair:1   | Reached skill level 17 in Unarmed Combat
  9711 | Lair:1   | Killed a death yak
  9943 | Lair:1   | Reached XP level 12. HP: 108/118 MP: 12/12
 10027 | Lair:1   | 10027 ||| PLANNING CONVERSION TO OKAWARU
 10219 | D:5      | Fell from the grace of Ignis
 10219 | D:5      | Became a worshipper of Warmaster Okawaru
 10220 | D:5      | 10220 ||| PLANNING LAIR
 10220 | D:5      | 10220 ||| READING 2 scrolls of identify.
 10220 | D:5      | 10220 ||| IDENTIFYING lumpy coppery potion
 10390 | Lair:2   | 10390 ||| STAIRDANCE
 10580 | Lair:2   | Reached * piety under Okawaru
 10583 | Lair:2   | 10583 ||| Stepping ~*~*~tactically~*~*~ (outnumbered).
 10584 | Lair:2   | 10584 ||| Stepping ~*~*~tactically~*~*~ (outnumbered).
 10585 | Lair:2   | 10585 ||| Stepping ~*~*~tactically~*~*~ (outnumbered).
 10586 | Lair:2   | 10586 ||| Stepping ~*~*~tactically~*~*~ (outnumbered).
 10587 | Lair:2   | 10587 ||| Stepping ~*~*~tactically~*~*~ (outnumbered).
 10588 | Lair:2   | 10588 ||| Stepping ~*~*~tactically~*~*~ (outnumbered).
 10624 | Lair:2   | 10624 ||| INVOKING Heroism.
 10631 | Lair:2   | Reached skill level 1 in Invocations
 10661 | Lair:2   | 10661 ||| Stepping ~*~*~tactically~*~*~ (stealth).
 10675 | Lair:2   | Noticed a death yak
 10675 | Lair:2   | Noticed a death yak
 10676 | Lair:2   | 10676 ||| INVOKING Heroism.
 10677 | Lair:2   | Noticed a death yak
 10679 | Lair:2   | Noticed a death yak
 10680 | Lair:2   | 10680 ||| Stepping ~*~*~tactically~*~*~ (stealth).
 10681 | Lair:2   | 10681 ||| Stepping ~*~*~tactically~*~*~ (stealth).
 10683 | Lair:2   | 10683 ||| Stepping ~*~*~tactically~*~*~ (outnumbered).
 10684 | Lair:2   | 10684 ||| Stepping ~*~*~tactically~*~*~ (outnumbered).
 10685 | Lair:2   | 10685 ||| Stepping ~*~*~tactically~*~*~ (outnumbered).
 10686 | Lair:2   | 10686 ||| Stepping ~*~*~tactically~*~*~ (outnumbered).
 10689 | Lair:2   | Killed a death yak
 10690 | Lair:2   | 10690 ||| Stepping ~*~*~tactically~*~*~ (stealth).
 10691 | Lair:2   | 10691 ||| INVOKING Heroism.
 10693 | Lair:2   | Killed a death yak
 10696 | Lair:2   | Killed a death yak
 10697 | Lair:2   | Reached skill level 18 in Unarmed Combat
 10702 | Lair:2   | Reached skill level 3 in Invocations
 10720 | Lair:2   | 10720 ||| INVOKING Heroism.
 10732 | Lair:2   | Killed a death yak
 10732 | Lair:2   | Reached ** piety under Okawaru
 11009 | Lair:2   | 11009 ||| INVOKING Heroism.
 11029 | Lair:2   | 11029 ||| Stepping ~*~*~tactically~*~*~ (stealth).
 11034 | Lair:2   | 11034 ||| INVOKING Heroism.
 11051 | Lair:2   | 11051 ||| Stepping ~*~*~tactically~*~*~ (stealth).
 11053 | Lair:2   | 11053 ||| Stepping ~*~*~tactically~*~*~ (stealth).
 11061 | Lair:2   | Identified the +8 chain mail of Lies {rElec rC+ Int+4}
 11302 | Lair:2   | 11302 ||| UPGRADING to +4 ring of evasion.
 11304 | Lair:2   | 11304 ||| DROPPING ring of protection from cold.
 11342 | Lair:3   | 11342 ||| INVOKING Heroism.
 11364 | Lair:3   | 11364 ||| STAIRDANCE
 11405 | Lair:3   | Found a staircase to the Swamp.
 11412 | Lair:3   | 11412 ||| INVOKING Heroism.
 11413 | Lair:3   | 11413 ||| INVOKING Heroism.
 11415 | Lair:3   | HP: 9/119 [bog body/bolt of cold (33)]
 11416 | Lair:3   | 11416 ||| READING 9 scrolls of teleportation.
 11417 | Lair:3   | 11417 ||| DRINKING 5 potions of heal wounds.
 11509 | Lair:3   | 11509 ||| Stepping ~*~*~tactically~*~*~ (outnumbered).
 11516 | Lair:3   | 11516 ||| INVOKING Heroism.
 11645 | Lair:3   | 11645 ||| Stepping ~*~*~tactically~*~*~ (stealth).
 11661 | Lair:3   | 11661 ||| Stepping ~*~*~tactically~*~*~ (outnumbered).
 11662 | Lair:3   | 11662 ||| Stepping ~*~*~tactically~*~*~ (outnumbered).
 11663 | Lair:3   | 11663 ||| Stepping ~*~*~tactically~*~*~ (outnumbered).
 11666 | Lair:3   | 11666 ||| Stepping ~*~*~tactically~*~*~ (outnumbered).
 11671 | Lair:3   | 11671 ||| Stepping ~*~*~tactically~*~*~ (outnumbered).
 11672 | Lair:3   | 11672 ||| Stepping ~*~*~tactically~*~*~ (outnumbered).
 11673 | Lair:3   | 11673 ||| Stepping ~*~*~tactically~*~*~ (outnumbered).
 11674 | Lair:3   | 11674 ||| Stepping ~*~*~tactically~*~*~ (outnumbered).
 11675 | Lair:3   | 11675 ||| Stepping ~*~*~tactically~*~*~ (outnumbered).
 11676 | Lair:3   | 11676 ||| Stepping ~*~*~tactically~*~*~ (outnumbered).
 11677 | Lair:3   | 11677 ||| Stepping ~*~*~tactically~*~*~ (outnumbered).
 11678 | Lair:3   | 11678 ||| Stepping ~*~*~tactically~*~*~ (outnumbered).
 11684 | Lair:3   | Reached skill level 3 in Armour
 11728 | Lair:3   | Found a staircase to the Snake Pit.
 11819 | Lair:3   | 11819 ||| Stepping ~*~*~tactically~*~*~ (hiding).
 11831 | Lair:3   | 11831 ||| Stepping ~*~*~tactically~*~*~ (stealth).
 11839 | Lair:3   | Noticed a catoblepas
 11840 | Lair:3   | 11840 ||| Stepping ~*~*~tactically~*~*~ (hiding).
 11843 | Lair:3   | 11843 ||| Stepping ~*~*~tactically~*~*~ (hiding).
 11848 | Lair:3   | 11848 ||| INVOKING Heroism.
 11852 | Lair:3   | Killed a catoblepas
 12376 | Lair:4   | 12376 ||| Stepping ~*~*~tactically~*~*~ (stealth).
 12384 | Lair:4   | 12384 ||| INVOKING Heroism.
 12386 | Lair:4   | Reached *** piety under Okawaru
 12391 | Lair:4   | 12391 ||| Stepping ~*~*~tactically~*~*~ (outnumbered).
 12393 | Lair:4   | 12393 ||| Stepping ~*~*~tactically~*~*~ (outnumbered).
 12394 | Lair:4   | 12394 ||| Stepping ~*~*~tactically~*~*~ (outnumbered).
 12495 | Lair:4   | 12495 ||| Stepping ~*~*~tactically~*~*~ (hiding).
 12508 | Lair:4   | Reached XP level 13. HP: 100/127 MP: 15/15
 12509 | Lair:4   | 12509 ||| INVOKING Heroism.
 12524 | Lair:4   | 12524 ||| Stepping ~*~*~tactically~*~*~ (outnumbered).
 12536 | Lair:4   | You fall into a shaft and drop 1 floor!
 12536 | Lair:5   | Entered Level 5 of the Lair of Beasts
 12537 | Lair:5   | Reached **** piety under Okawaru
 12538 | Lair:5   | Reached skill level 19 in Unarmed Combat
 12539 | Lair:5   | HP: 30/127 [black mamba (12)]
 12540 | Lair:5   | 12540 ||| READING 9 scrolls of teleportation.
 12541 | Lair:5   | 12541 ||| DRINKING 4 potions of heal wounds.
 12549 | Lair:5   | 12549 ||| INVOKING Heroism.
 12564 | Lair:5   | 12564 ||| Stepping ~*~*~tactically~*~*~ (stealth).
 12575 | Lair:5   | 12575 ||| Stepping ~*~*~tactically~*~*~ (outnumbered).
 12584 | Lair:5   | HP: 30/128 [elephant (10)]
 12585 | Lair:5   | 12585 ||| READING 8 scrolls of teleportation.
 12586 | Lair:5   | 12586 ||| DRINKING 3 potions of heal wounds.
 12592 | Lair:5   | 12592 ||| INVOKING Heroism.
 12592 | Lair:5   | HP: 25/128 [cane toad (13)]
 12593 | Lair:5   | 12593 ||| READING 7 scrolls of teleportation.
 12594 | Lair:5   | 12594 ||| DRINKING 2 potions of heal wounds.
 12597 | Lair:5   | 12597 ||| DRINKING potion of heal wounds.
 12604 | Lair:5   | HP: 24/128 [cane toad (10)]
 12605 | Lair:5   | 12605 ||| READING 6 scrolls of teleportation.
 12607 | Lair:5   | HP: 11/128 [poisoned by a cane toad]
 12608 | Lair:5   | Killed from afar by an acid dragon

Levels and vault maps discovered:
D:1:      lightli_molten_gateway, layout_loops_ring
D:2:      minmay_chambers_of_twos, layout_basic,
          shapermc_ecumenical_altar_starsandcircs
D:3:      layout_basic, mainiacjoe_overflow_six_doors_small,
          minmay_close_crescents
D:4:      layout_rooms
D:5:      layout_loops_ring, okawaru_trees_1, minmay_temple_entry_glassed_door,
          ebering_ghost_sewer_d, nrook_pool_corridor, uniq_sigmund,
          uniq_menkaure
D:6:      nicolae_cairo_tiling_large, layout_loops_corners,
          kennysheep_mini_moat, mainiacjoe_overflow_big_doors,
          vehumet_altar_wand_db, zin_statuary
D:7:      layout_rooms, grunt_ministairs_15, uniq_duvessa
D:8:      layout_loops_cross, nzn_hepliaklqana_mist_gate, enter_ossuary_4,
          enter_bailey_8, uniq_pikel
D:9:      layout_basic, erik_lair_dragon, serial_shops, shop, dk_vineyard_2
Lair:1:   layout_layer_cave, serial_bayou_shore_a, grunt_megastairs_4,
          uniq_amaemon
Lair:2:   layout_chaotic_city, gammafunk_lair_bear_cave
Lair:3:   layout_concentric_octagons, skrybe_swamp_entry_bodies,
          grunt_megastairs_5
Lair:4:   layout_concentric_octagons, slime_entry_1
Lair:5:   guppyfry_lair_end_dragon, layout_regular_city,
          hangedman_lair_tendril_chambers, minmay_stone_trees_small,
          serial_bayou_pond_d, chequers_serial_rivers_micro_e,
          serial_bayou_shore_b

Skill      XL: |  1  2  3  4  5  6  7  8  9 10 11 12 13 |
---------------+----------------------------------------+-----
Unarmed Combat | 4 5 7 8 9 11 13 15 17 18 19 | 19.0
Fighting       | 3 4 5 6 7 8 |  8.6
Dodging        | 1 2 |  2.7
Armour         | 2 3 |  3.0
Invocations    | 4 5 |  5.2
Spellcasting   | |  1.0
Fire Magic     | |  2.1

Action                   |  1- 3 |  4- 6 |  7- 9 | 10-12 | 13-15 || total
-------------------------+-------+-------+-------+-------+-------++-------
Melee: Unarmed           |   116 |   151 |   282 |   505 |    71 ||  1125
       Punch             |     1 |     1 |    19 |    39 |     8 ||    68
Invok: Fiery Armour      |     1 |     2 |     3 |     7 |       ||    13
       Heroism           |       |       |       |    11 |     3 ||    14
  Use: Scroll            |     4 |     9 |     7 |    13 |     4 ||    37
       Potion            |     2 |     4 |     2 |     3 |     4 ||    15
 Stab: Sleeping          |       |       |       |       |     2 ||     2
Armor: Robe              |    31 |    45 |    75 |    62 |       ||   213
       Steam dragon scal |       |       |       |   102 |    35 ||   137
Dodge: Dodged            |    39 |    74 |    69 |   206 |    77 ||   465

Table legend:
 A = Non-vault XP
 B = Vault XP
 C = Vault XP percentage of total XP
 D = Non-vault monster count
 E = Vault monster count
 F = Vault count percentage of total count
                 A         B        C        D         E       F
            +---------+---------+-------+---------+---------+-------
      Total |   35693 |    9524 |  21.1 |     311 |      78 |  20.1
            +---------+---------+-------+---------+---------+-------
        D:1 |      60 |       0 |   0.0 |      35 |       0 |   0.0
        D:2 |     112 |      22 |  16.4 |      24 |       8 |  25.0
        D:3 |      36 |       8 |  18.2 |      11 |       5 |  31.2
        D:4 |     132 |       0 |   0.0 |      20 |       0 |   0.0
        D:5 |     783 |     386 |  33.0 |      23 |       2 |   8.0
        D:6 |    1123 |       1 |   0.1 |      25 |       1 |   3.8
        D:7 |     639 |     232 |  26.6 |      10 |       4 |  28.6
        D:8 |    1910 |     643 |  25.2 |      33 |       3 |   8.3
        D:9 |    3148 |     765 |  19.6 |      35 |       4 |  10.3
     Lair:1 |    9556 |    1402 |  12.8 |      30 |       3 |   9.1
     Lair:2 |    6794 |     732 |   9.7 |      21 |       4 |  16.0
     Lair:3 |    3345 |    1878 |  36.0 |      12 |       3 |  20.0
     Lair:4 |    4759 |       0 |   0.0 |      23 |       0 |   0.0
     Lair:5 |    3296 |    2283 |  40.9 |       9 |       9 |  50.0
    Ossuary |       0 |    1172 | 100.0 |       0 |      32 | 100.0
            +---------+---------+-------+---------+---------+-------
